Map: Ley Lines

Players

FuRePrUiT - Winner!

  • Race: Protoss Protoss
  • Spawn Location: 1:00

A.I. 2 (Very Easy)

  • Race: Terran Terran
  • Spawn Location: 7:00

VOD

Have the link to the VOD?

Description

Time

  • Played on: Aug. 19, 2025, 2:37 p.m.
  • Length: 9:55
Show
View Real Time Build Order
Export as new Build Order

FuRePrUiT Protoss - Winner!

Build Orders: 1 Gate Expand, Blink Stalkers, Colossus Rush 

Get SALT Encoding   

  12  0:00  Probe  
  13  0:12  Probe  
  14  0:18  Pylon  
  14  0:24  Probe  
  15  0:32  Probe  
  15  0:37  Gateway  
  15  0:40  Probe  
  16  0:47  Assimilator  
  17  0:51  Probe  
  18  1:03  Probe  
  19  1:15  Probe  
  20  1:25  Cybernetics Core  
  20  1:34  Nexus  
  20  1:38  Probe  
  21  1:44  Pylon  
  21  1:50  Probe  
  21  1:52  Stalker  
  22  1:54  Assimilator  
  22  2:02  Probe  
  22  2:07  Warp Gate  
  25  2:14  Probe  
  26  2:18  Stalker  
  28  2:26  Probe  
  29  2:37  Probe  
  29  2:43  Twilight Council, Probe  
  30  2:45  Probe  
  30  2:48  Stalker  
  30  2:51  Probe  
  32  2:53  Probe  
  36  3:02  Probe  
  36  3:04  Probe, Blink  
  37  3:11  Robotics Facility  
  38  3:14  Probe  
  38  3:17  Probe  
  40  3:26  Probe  
  41  3:29  Probe, Gateway  
  42  3:39  Probe  
  42  3:41  Robotics Facility, Probe  
  44  3:42  Gateway  
  44  3:47  Assimilator  
  44  3:51  Probe  
  44  3:53  Probe  
  44  3:55  Pylon  
  46  4:13  Probe x2  
  46  4:15  Stalker, Pylon  
  50  4:25  Probe x2  
  50  4:27  Nexus, Observer  
  50  4:28  Pylon  
  50  4:30  Stalker  
  54  4:37  Probe x2  
  57  4:41  Forge  
  57  4:42  Robotics Bay  
  57  4:47  Observer  
  57  4:49  Assimilator, Probe  
  57  4:50  Probe  
  60  5:01  Probe  
  60  5:03  Probe  
  62  5:08  Gateway  
  62  5:09  Charge  
  62  5:10  Gateway  
  62  5:12  Gateway  
  62  5:13  Probe  
  63  5:17  Gateway  
  63  5:23  Gateway  
  63  5:27  Protoss Ground Armor Level 1  
  63  5:31  Colossus  
  63  5:35  Probe  
  64  5:37  Probe, Pylon  
  71  5:44  Probe  
  71  5:47  Extended Thermal Lance  
  71  5:49  Probe  
  73  5:50  Probe  
  73  5:52  Probe  
  75  5:58  Sentry  
  75  6:00  Stalker x2  
  75  6:01  Probe  
  75  6:02  Probe  
  83  6:05  Shield Battery  
  83  6:07  Probe  
  84  6:13  Probe  
  84  6:14  Colossus  
  84  6:15  Pylon  
  84  6:16  Probe, Pylon  
  86  6:20  Probe  
  86  6:22  Pylon  
  93  6:35  Stalker x3  
  99  6:42  Stalker x2  
  99  6:44  Zealot x2  
  107  6:48  Zealot  
  107  6:52  Pylon  
  107  6:53  Pylon  
  109  6:56  Colossus  
  109  6:58  Zealot x3  
  121  7:16  Zealot x5  
  121  7:20  Pylon  
  121  7:21  Pylon  
  131  7:25  Zealot  
  133  7:39  Pylon  
  133  7:41  Zealot x6  
  145  7:44  Stalker  
  145  7:45  Warp Prism  
  149  8:00  Pylon  
  149  8:02  Pylon  
  149  8:04  Pylon  
  149  8:06  Zealot x4  
  157  8:15  Pylon  
  157  8:25  Zealot x4  
  165  8:31  Templar Archives  
  165  8:40  Nexus, Pylon  
  165  8:46  Zealot x8  
  181  9:08  Zealot x8  
  197  9:35  Robotics Facility  
  197  9:36  Gateway  
  197  9:38  Gateway  
  197  9:40  Gateway  
Show
View Real Time Build Order
Export as new Build Order

A.I. 2 (Very Easy) Terran 

Build Orders:  

Get SALT Encoding   

  12  0:00  SCV  
  13  0:13  SCV  
  14  0:18  Supply Depot  
  14  0:37  Refinery  
  14  0:44  Barracks  
  14  1:03  Supply Depot  
  14  1:11  Refinery  
  14  1:29  SCV  
  14  1:31  Marine  
  16  1:41  SCV  
  17  1:53  SCV  
  18  2:04  Marine  
  18  2:05  SCV  
  20  2:17  SCV  
  22  2:30  SCV  
  22  2:38  Marine  
  22  2:43  Orbital Command  
  23  5:53  Marine, SCV  
  23  5:55  Supply Depot  
  25  5:57  Factory  
  25  6:07  SCV  
  25  6:19  SCV  
  25  6:22  Supply Depot  
  26  6:25  Barracks Tech Lab  
  26  6:31  SCV  
  24  6:43  Marine, Starport  
  24  6:44  SCV  
  24  6:46  Command Center  
  26  6:56  SCV  
  27  7:16  Marine  
  27  7:20  Starport Tech Lab  
  28  7:40  Raven  
  30  7:48  Marauder  
  32  7:59  SCV  
  32  8:02  Refinery  
  33  8:06  SCV  
  33  8:08  Refinery  
  34  8:13  SCV  
  34  8:15  Raven  
  37  8:20  Marine  
  37  8:21  SCV  
  39  8:28  SCV  
  40  8:36  SCV  
  40  8:43  SCV  
  34  8:49  Raven  
  34  8:50  SCV  
  34  8:52  Marine  
  37  8:57  SCV  
  25  9:12  SCV  
  22  9:24  SCV  
Tags
 
Composition
Blink Stalkers
Matchup
PvT
Spawn Locations
Cross Positions
Add a new tag
Caveats
  • Supply blocks, unpowered buildings, or Contaminate may cause inaccurate times.
  • Supply counts are checked every 10 seconds.